 Dungeon Crawl Stone Soup version 0.29.1-12-g30fa7ad0bf (webtiles) character file.

Game seed: 17363750184834852480

61042 wormed the Severer (level 14, -1/187 (199) HPs)
             Began as a Minotaur Berserker on Dec 19, 2022.
             Was a High Priest of Trog.
             Killed from afar by a tengu reaver (34 damage)
             ... with a bolt of acid
             ... on level 12 of the Dungeon.
             The game lasted 01:27:31 (17559 turns).

wormed the Severer (Minotaur Berserker)            Turns: 17559, Time: 01:27:31

HP:   -1/187 (199)  AC: 31    Str: 27    XL:     14   Next: 59%
MP:   13/13         EV:  6    Int:  4    God:    Trog [*****.]
Gold: 1423          SH: 13    Dex: 13    Spells: 13/13 levels left

rFire   + . .      SeeInvis .   Q - +2 broad axe (vorpal)
rCold   + . .      Faith    .   D - +0 kite shield
rNeg    . . .      Spirit   .   P - +0 gold dragon scales
rPois   +          Reflect  .   (helmet restricted)
rElec   .          Harm     .   V - +2 cloak
rCorr   .          Rampage  .   L - +1 pair of gloves of the Slug {-Tele Int+3}
Will    ++...      NoTele   +   C - +0 pair of boots
Stlth   ..........              z - amulet of regeneration
HPRegen 1.21/turn               q - +4 ring of protection
MPRegen 0.13/turn               H - ring of willpower

@: berserking, drained, very quick
A: horns 2, retaliatory headbutt, hooves 1, agile 1, dopey 1
a: Renounce Religion, Berserk, Trog's Hand, Brothers in Arms


You were on level 12 of the Dungeon.
You worshipped Trog.
Trog was extremely pleased with you.
You visited 3 branches of the dungeon, and saw 18 of its levels.

You collected 1423 gold pieces.

Inventory:

Hand Weapons
 Q - a +2 vorpal broad axe (weapon)
Missiles
 B - 3 throwing nets (quivered)
Armour
 C - a +0 pair of boots (worn)
 D - a +0 kite shield (worn)
 L - the +1 pair of gloves of the Slug (worn) {-Tele Int+3}
   (You found it on level 2 of the Lair of Beasts)

   Int:       It affects your intelligence (+3).
   -Tele:     It prevents most forms of teleportation.
 P - +0 gold dragon scales (worn)
 V - a +2 cloak (worn)
Jewellery
 q - a +4 ring of protection (left hand)
 s - a +6 ring of strength
 z - an amulet of regeneration (around neck)
 A - a +6 ring of strength
 H - a ring of willpower (right hand)
 R - a ring of positive energy
 S - an amulet of magic regeneration
 T - a +6 ring of strength
Wands
 a - a wand of digging (13)
 j - a wand of charming (21)
 y - a wand of flame (16)
 E - a wand of iceblast (4)
 F - a wand of mindburst (6)
 J - a wand of quicksilver (13)
 K - a wand of polymorph (5)
Scrolls
 b - 8 scrolls of teleportation
 c - 4 scrolls of poison
 d - 4 scrolls of enchant armour
 i - a scroll of butterflies
 l - a scroll of summoning
 n - 11 scrolls of identify
 o - 4 scrolls of fear
 p - 4 scrolls of noise
 v - 2 scrolls of amnesia
 G - a scroll of enchant weapon
 N - a scroll of blinking
 O - a scroll of vulnerability
Potions
 e - 4 potions of might
 f - 14 potions of curing
 g - 2 potions of lignification
 h - 2 potions of flight
 k - 4 potions of degeneration
 m - 2 potions of berserk rage
 r - a potion of attraction
 t - 4 potions of ambrosia
 u - 4 potions of brilliance
 w - a potion of magic
 x - a potion of heal wounds
 I - 3 potions of resistance
 M - a potion of haste


   Skills:
 + Level 14.7 Fighting
 - Level 18.0 Axes
 + Level 5.4 Throwing
 + Level 14.4 Armour
 - Level 2.1 Dodging
 + Level 14.2 Shields


You had 13 spell levels left.
You didn't know any spells.
Your spell library was empty.

Dungeon Overview and Level Annotations

Branches:
Dungeon (12/15)            Temple (1/1) D:5            Lair (5/5) D:9
 Shoals (0/4) Lair:2        Snake (0/4) Lair:2        Slime (0/5) Lair:4
    Orc (0/2) D:12

Altars:
Ashenzari
Cheibriados
Dithmenos
Elyvilon
Fedhas
Gozag
Hepliaklqana
Kikubaaqudgha
Makhleb
Nemelex Xobeh
Okawaru
Qazlal
Ru
Sif Muna
Trog
Uskayaw
Vehumet
Wu Jian
Xom
Yredelemnul
Zin
The Shining One
Jiyva

Shops:
D:4 [   D:12 (

Annotations:
D:11 exclusions: ice statue and obsidian statue
Lair:3 exclusion: oklob plant
Lair:4 exclusion: 4 oklob plants


Innate Abilities, Weirdness & Mutations

You have a pair of horns on your head.
You reflexively headbutt those who attack you in melee.
You have large cloven feet.
You are agile. (Dex +4, Str/Int -1)
You are dopey. (Int -2)


Message History

You slice the deep elf high priest!! You headbutt the deep elf high priest!
The deep elf high priest is severely wounded.
You slash the tengu reaver! The tengu reaver casts a spell at you.
The bolt of fire hits you! You resist.
The deep elf high priest utters a dark prayer and points at you.
Your life force is offered up.
The deep elf high priest is healed.
The tengu reaver is healed.
You hit the deep elf high priest.
The deep elf high priest is severely wounded.
The tengu reaver blocks your attack.
You slash the deep elf pyromancer!
The tengu reaver hits you with a +1 long sword of draining!
* * * LOW HITPOINT WARNING * * *
You feel drained.
* * * LOW HITPOINT WARNING * * *
The tengu reaver closely misses you.
The tengu reaver claws you but does no damage.
You are too berserk!
You slash the deep elf high priest!
You kill the deep elf high priest!
Trog accepts your kill.
You hit the tengu reaver.
You completely miss the deep elf pyromancer.
The deep elf pyromancer hits you but does no damage.
The tengu reaver blocks your attack.
Your headbutt misses the tengu reaver.
The tengu reaver is moderately wounded.
You closely miss the deep elf pyromancer.
The tengu reaver points at you and mumbles some strange words.
The bolt of cold hits you! You resist.
* * * LOW HITPOINT WARNING * * *
You slice the deep elf pyromancer!! You headbutt the deep elf pyromancer!
You kill the deep elf pyromancer!
Trog accepts your kill.
Trog appreciates your killing of a magic user.
You slash the tengu reaver! You barely miss the tengu reaver.
Your headbutt misses the tengu reaver.
The tengu reaver is moderately wounded.
The tengu reaver gestures at you while chanting.
The bolt of acid hits you!!
You die...

#..###.....
#..##...... #..#.!!...
##...: . #..../?..
##..... . #......#
##.....###. #......#
.#......##..
#....))#.$$.......#...
#....@Q..$)...........
#..######..## ##....#
#..# ##...# ##......
#..# ##....# ##.......
#..###.....###........
#..##......##....>.:##
#..#......^#........#.
#...................#.
#......###..........#.


You could see a tengu reaver (empowered).

Vanquished Creatures
  The ghost of retardedninja the Fencer, a journeyman MiFi of Gozag (D:12)
  Josephine (Lair:4)
  A deep elf high priest (D:12)
  A fire dragon (Lair:5)
  3 hydras (Lair:5)
  A boulder beetle (D:11)
  3 two-headed ogres
  Erica (Lair:2)
  A catoblepas (Lair:2)
  10 death yaks
  A lindwurm (Lair:4)
  A swamp dragon (Lair:5)
  A deep elf pyromancer (D:12)
  2 wolf spiders
  A manticore (D:11)
  A cyclops (D:12)
  7 black mambas
  6 elephants (Lair:1)
  8 cane toads
  A torpor snail (Lair:4)
  2 gargoyles (D:12)
  5 rime drakes
  11 komodo dragons
  2 ice devils (D:11)
  A queen bee (Lair:4)
  3 meliai (Lair:4)
  17 polar bears
  2 trolls
  Prince Ribbit (Lair:3)
  Grinder (D:3)
  15 blink frogs
  A raiju (Lair:5)
  4 slime creatures
  The ghost of FexLirch the Conjurer, an amateur OpCj (D:4)
  Sigmund (D:3)
  3 shadows
  A centaur simulacrum (D:11)
  7 wyverns
  A vampire (D:10)
  4 wraiths (Lair:4)
  3 basilisks
  A water elemental (D:11)
  16 yaks
  4 steam dragons
  3 vampire mosquitoes
  6 wargs (Lair:5)
  22 water moccasins
  14 hell hounds (Lair:5)
  4 orc warriors
  2 meliai simulacra (D:11)
  2 swamp drakes (Lair:5)
  3 sky beasts (D:7)
  An ice beast (D:11)
  13 black bears
  An ogre (D:4)
  11 centaurs
  38 wolves
  9 bullfrogs
  A phantom (D:6)
  A kobold brigand (D:9)
  4 gnoll sergeants
  4 necrophages
  4 scorpions
  24 wights
  44 killer bees
  3 electric eels (D:11)
  7 howler monkeys
  A hound (D:6)
  2 jellies (Lair:4)
  An orc priest (D:5)
  2 gnoll boudas
  9 iguanas
  Natasha (twice) (D:4)
  10 orc wizards
  A boggart simulacrum (D:12)
  2 howler monkey zombies (D:4)
  Robin (D:3)
  22 gnolls
  6 adders
  A river rat (Lair:4)
  A shadow imp (D:5)
  4 white imps
  6 ufetubi
  A worm (D:2)
  3 dart slugs
  15 orcs
  6 ball pythons
  7 endoplasms
  5 giant cockroaches
  15 goblins
  9 hobgoblins
  6 jackals
  A quokka (D:2)
  A bat (D:2)
  4 frilled lizards
  14 kobolds
  5 rats
543 creatures vanquished.

Vanquished Creatures (others)
  An iguana (Lair:5)
  22 fungi
  59 plants
  5 toadstools (D:7)
  6 withered plants (D:1)
93 creatures vanquished.

Grand Total: 636 creatures vanquished

Notes
Turn   | Place    | Note
-------+----------+-------------------------------------------
     0 | D:1      | wormed the Minotaur Berserker began the quest for the Orb.
     0 | D:1      | Reached XP level 1. HP: 19/19 MP: 0/0
   318 | D:1      | Found a faded altar of an unknown god.
   344 | D:1      | Reached XP level 2. HP: 20/27 MP: 1/1
   542 | D:1      | Reached skill level 4 in Axes
   907 | D:1      | Reached skill level 1 in Shields
  1188 | D:2      | Reached XP level 3. HP: 31/33 MP: 2/2
  1261 | D:2      | Reached ** piety under Trog
  2367 | D:3      | Reached XP level 4. HP: 40/40 MP: 3/3
  2415 | D:3      | Noticed Grinder
  2419 | D:3      | Paralysed by Grinder for 2 turns
  2426 | D:3      | Killed Grinder
  2427 | D:3      | Reached skill level 5 in Axes
  2427 | D:3      | Reached XP level 5. HP: 47/47 MP: 4/4
  2427 | D:3      | Reached XP level 6. HP: 55/55 MP: 5/5
  2525 | D:3      | Found an iron altar of Okawaru.
  2549 | D:3      | Noticed Robin
  2560 | D:3      | Killed Robin
  2561 | D:3      | Reached skill level 5 in Fighting
  2565 | D:3      | Reached skill level 6 in Axes
  3025 | D:3      | Noticed Sigmund
  3031 | D:3      | Killed Sigmund
  3124 | D:4      | Reached XP level 7. HP: 41/61 MP: 6/6
  3400 | D:4      | Found Bouwosuono's Antique Armour Shoppe.
  3443 | D:4      | Reached skill level 7 in Axes
  3449 | D:4      | Noticed Natasha
  3463 | D:4      | Killed Natasha
  3517 | D:4      | Found a runed translucent gate.
  3517 | D:4      | Found a runed translucent gate.
  3517 | D:4      | Found a runed translucent gate.
  3517 | D:4      | Noticed FexLirch's ghost (amateur OpCj)
  3521 | D:4      | Found a basalt altar of Yredelemnul.
  3529 | D:4      | Reached skill level 5 in Armour
  3543 | D:4      | Killed FexLirch's ghost
  3742 | D:4      | Noticed Natasha
  3746 | D:4      | Killed Natasha
  3912 | D:5      | Entered Level 5 of the Dungeon
  3931 | D:5      | Reached XP level 8. HP: 67/70 MP: 7/7
  3936 | D:5      | Reached skill level 8 in Axes
  3942 | D:5      | Reached *** piety under Trog
  3957 | D:5      | Reached skill level 5 in Shields
  4531 | D:5      | Found a glowing silver altar of Zin.
  4759 | D:5      | Found a shadowy altar of Dithmenos.
  4824 | D:5      | Found a staircase to the Ecumenical Temple.
  4833 | Temple   | Entered the Ecumenical Temple
  4983 | D:5      | Found a sacrificial altar of Ru.
  5152 | D:5      | You fall into a shaft and drop 3 floors!
  5293 | D:7      | Reached skill level 9 in Axes
  5629 | D:6      | Reached XP level 9. HP: 79/79 MP: 8/8
  5641 | D:6      | Found a hazy altar of Hepliaklqana.
  6123 | D:6      | Found an opulent altar of Gozag.
  6123 | D:6      | Found a radiant altar of Vehumet.
  6128 | D:6      | Reached skill level 10 in Axes
  6137 | D:6      | Found a hide-covered altar of Uskayaw.
  6153 | D:6      | Found a sparkling altar of Nemelex Xobeh.
  6155 | D:6      | Found a shimmering blue altar of Sif Muna.
  7265 | D:8      | Reached **** piety under Trog
  7453 | D:8      | Reached skill level 11 in Axes
  7635 | D:8      | Gained mutation: You have large cloven feet. [potion of
                  | mutation]
  7635 | D:8      | Gained mutation: You are dopey. (Int -2) [potion of
                  | mutation]
  7635 | D:8      | Gained mutation: You are agile. (Dex +4, Str/Int -1)
                  | [potion of mutation]
  8289 | D:9      | Reached XP level 10. HP: 71/90 MP: 9/9
  8535 | D:9      | Reached skill level 12 in Axes
  8539 | D:9      | Reached ***** piety under Trog
  8712 | D:9      | Found a staircase to the Lair.
  8826 | D:9      | Noticed a two-headed ogre
  8831 | D:9      | Killed a two-headed ogre
  8949 | Lair:1   | Entered Level 1 of the Lair of Beasts
  9006 | Lair:1   | Noticed a cane toad
  9012 | Lair:1   | Killed a cane toad
  9013 | Lair:1   | Reached skill level 13 in Axes
  9107 | Lair:1   | Noticed an elephant
  9109 | Lair:1   | Noticed an elephant
  9109 | Lair:1   | Noticed an elephant
  9109 | Lair:1   | Noticed an elephant
  9110 | Lair:1   | Noticed an elephant
  9111 | Lair:1   | Noticed an elephant
  9121 | Lair:1   | Killed an elephant
  9122 | Lair:1   | Killed an elephant
  9123 | Lair:1   | Reached XP level 11. HP: 95/99 MP: 10/10
  9130 | Lair:1   | Reached skill level 10 in Fighting
  9376 | Lair:1   | Identified the +9 arbalest "Padewk" {penet, rElec}
  9416 | Lair:1   | Found a dark tunnel.
  9926 | Lair:2   | Found the +2 ratskin cloak {*Rats rPois rN+ Str-1 Int-1
                  | Dex+1}
  9939 | Lair:2   | Found a staircase to the Shoals.
 10014 | Lair:2   | Noticed Erica
 10029 | Lair:2   | Killed Erica
 10030 | Lair:2   | Reached skill level 14 in Axes
 10030 | Lair:2   | Reached skill level 10 in Armour
 10189 | Lair:2   | Identified the +1 pair of gloves of the Slug {-Tele Int+3}
 10237 | Lair:2   | Found a staircase to the Snake Pit.
 10317 | Lair:2   | Reached skill level 10 in Shields
 10333 | Lair:2   | Noticed a death yak
 10333 | Lair:2   | Noticed a death yak
 10333 | Lair:2   | Noticed a death yak
 10342 | Lair:2   | Noticed a death yak
 10342 | Lair:2   | Noticed a death yak
 10349 | Lair:2   | Noticed a death yak
 10354 | Lair:2   | Killed a death yak
 10358 | Lair:2   | Killed a death yak
 10361 | Lair:2   | Killed a death yak
 10370 | Lair:2   | Killed a death yak
 10371 | Lair:2   | Reached skill level 15 in Axes
 10372 | Lair:2   | Killed a death yak
 10373 | Lair:2   | Reached XP level 12. HP: 78/110 MP: 11/11
 10374 | Lair:2   | Killed a death yak
 10508 | Lair:2   | Noticed a catoblepas
 10529 | Lair:2   | Killed a catoblepas
 11050 | Lair:3   | Noticed a death yak
 11050 | Lair:3   | Noticed a death yak
 11051 | Lair:3   | Noticed a death yak
 11066 | Lair:3   | Killed a death yak
 11073 | Lair:3   | Killed a death yak
 11073 | Lair:3   | Killed a death yak
 11115 | Lair:3   | Noticed Prince Ribbit
 11129 | Lair:3   | Killed Prince Ribbit
 11130 | Lair:3   | Reached skill level 16 in Axes
 11956 | Lair:4   | Found a staircase to the Slime Pits.
 11956 | Lair:4   | Found a viscous altar of Jiyva.
 12187 | Lair:4   | Noticed Josephine
 12203 | Lair:4   | Killed Josephine
 12228 | Lair:4   | Received a gift from Trog
 12300 | Lair:4   | Reached XP level 13. HP: 83/119 MP: 12/12
 12380 | Lair:4   | Reached skill level 17 in Axes
 12744 | Lair:4   | Received a gift from Trog
 12904 | Lair:5   | Entered Level 5 of the Lair of Beasts
 13370 | Lair:5   | Reached skill level 18 in Axes
 13420 | Lair:5   | Noticed a fire dragon
 13440 | Lair:5   | Killed a fire dragon
 13441 | Lair:5   | Reached skill level 1 in Throwing
 13795 | Lair:5   | Received a gift from Trog
 13865 | Lair:5   | Reached XP level 14. HP: 126/130 MP: 13/13
 14619 | D:10     | Entered Level 10 of the Dungeon
 14627 | D:10     | Reached ****** piety under Trog
 14937 | D:10     | Found a broken altar of Ashenzari.
 14953 | D:10     | Found a glowing golden altar of the Shining One.
 15287 | D:11     | Found a frozen archway.
 15544 | D:11     | Received a gift from Trog
 16862 | D:12     | Found a large runed translucent door.
 16863 | D:12     | Found a large runed translucent door.
 16865 | D:12     | Found Zyotad's Antique Weapon Boutique.
 16885 | D:12     | Noticed retardedninja's ghost (journeyman MiFi)
 16905 | D:12     | Killed retardedninja's ghost
 16932 | D:12     | Identified the +2 ring mail of Beyond {rElec rC+ Regen+}
 16966 | D:12     | Found a staircase to the Orcish Mines.
 16998 | D:12     | Reached skill level 5 in Throwing
 17548 | D:12     | Noticed a tengu reaver
 17559 | D:12     | Killed from afar by a tengu reaver

Illustrated notes

Levels and vault maps discovered:
D:1:      dpeg_arrival_shrine, layout_basic, ebering_ecumenical_altar_petrified,
          minmay_tree_intersection
D:2:      layout_loops_ring
D:3:      layout_basic, mainiacjoe_overflow_small_starburst, uniq_grinder,
          uniq_robin, uniq_sigmund
D:4:      layout_rooms, nicolae_yredelemnul_ghost_church, serial_shops,
          nicolae_shop_stone, uniq_natasha
D:5:      layout_basic, grunt_dithmenos_shadows, mainiacjoe_overflow_alcove_1,
          mainiacjoe_overflow_tiny_flanked, minmay_temple_entry_wispy,
          hangedman_abyss_or_decor_stabs
D:6:      layout_basic, chequers_temple_overflow_minitemple,
          kennysheep_mini_moat
D:7:      layout_basic, minmay_gold_behind_fungi
D:8:      layout_cave_pods
D:9:      layout_basic, grunt_lair_entry_orc_guard_hut
D:10:     layout_small_grid, nicolae_overflow_hidden_temple,
          nicolae_ashenzari_panopticon
D:11:     layout_basic, serial_ice, serial_ice_e, serial_ice_n, serial_ice_g,
          serial_ice_k, serial_ice_h, serial_ice_f, serial_ice_o,
          portal_ice_cave_demonic_guard, david_greed
D:12:     minmay_outward_triangles, layout_irregular_city, orc_0_dummy,
          serial_shops, shop_statue, ebering_ghost_disaster_area,
          amcnicky_mini_pool_medium
Temple:   dpeg_three_leaves_temple
Lair:1:   layout_small_grid, nicolae_volcano_entry_s_turn
Lair:2:   layout_gridlike, shoals_dummy_entry, minmay_snake_entry_six_corridors,
          serial_bayou_shore_b, uniq_erica
Lair:3:   layout_cellular_growth, uniq_prince_ribbit2
Lair:4:   hangedman_what_comes_after_a, layout_misc_corridors,
          minmay_slime_entry_pillars, nicolae_lair_run_with_the_wolves,
          uniq_josephine
Lair:5:   guppyfry_lair_end_dragon, layout_loops_ring,
          hangedman_lair_caniforms_friends, small_statue_intersection,
          st_stairs_11, chequers_serial_rivers_large_b,
          cheibrodos_lair_lostbears

Skill      XL: |  1  2  3  4  5  6  7  8  9 10 11 12 13 14 |
---------------+-------------------------------------------+-----
Axes           | 4 5 6 7 9 11 13 15 16 18 | 18.0
Shields        | 1 2 3 4 6 7 9 10 11 13 14 | 14.2
Fighting       | 4 5 6 7 8 9 11 12 13 14 | 14.7
Armour         | 3 4 5 6 8 9 10 12 13 14 | 14.4
Throwing       | 3 5 |  5.4
Dodging        | |  2.1

Action                   |  1- 3 |  4- 6 |  7- 9 | 10-12 | 13-15 || total
-------------------------+-------+-------+-------+-------+-------++-------
Melee: Hand axe          |    99 |    58 |       |       |       ||   157
       Headbutt          |    17 |    14 |    33 |    81 |   147 ||   292
       Punch             |     1 |     1 |     1 |       |       ||     3
       War axe           |       |    20 |   226 |   362 |       ||   608
       Broad axe         |       |       |       |    64 |   761 ||   825
Invok: Berserk           |       |     2 |     4 |     4 |     4 ||    14
  Use: Scroll            |     6 |     3 |    13 |     5 |       ||    27
       Potion            |       |     1 |     4 |     1 |     3 ||     9
Armor: Animal skin       |    10 |       |       |       |       ||    10
       Plate armour      |    11 |    31 |   162 |   150 |       ||   354
       Gold dragon scale |       |       |       |    35 |   494 ||   529
Dodge: Dodged            |    48 |    30 |    93 |    94 |   202 ||   467
Block: Kite shield       |       |       |    37 |   201 |   510 ||   748
